 Dungeon Crawl Stone Soup version 0.28-a0-199-g298df9dbad (webtiles) character file.

Game seed: 6065448281795113045

6915 Spaninq the Grappler (level 10, -8/102 HPs)
             Began as a Troll Chaos Knight on Aug 19, 2021.
             Was a Plaything of Xom.
             Killed from afar by Fannar (20 damage)
             ... with a bolt of cold
             ... on level 11 of the Dungeon.
             The game lasted 00:25:47 (7601 turns).

Spaninq the Grappler (Troll Chaos Knight)           Turns: 7601, Time: 00:25:48

Health: -8/102     AC: 10    Str: 24 (25) XL:     10   Next: 79%
Magic:  0/9        EV: 10    Int:  7 (8)  God:    Xom [...*..]
Gold:   471        SH:  0    Dex:  7      Spells: 9/9 levels left

rFire   . . .      SeeInvis .     - Unarmed
rCold   . . .      Faith    .   (no shield)
rNeg    . . .      Spirit   +   z - +0 steam dragon scales
rPois   .          Reflect  .   (helmet restricted)
rElec   .          Harm     .   n - +1 cloak
rCorr   +          Rampage  .   (gloves unavailable)
Will    +....                   (boots unavailable)
Stlth   +.........              h - amulet of guardian spirit
HPRegen 1.27/turn               D - ring of willpower
MPRegen 0.11/turn               A - ring of resist corrosion

@: mighty
A: large, unfitting armour, claws 3, regeneration 1, shaggy fur 1, tough skin 1,
clumsy 1, deterioration 1
a: Renounce Religion


You were on level 11 of the Dungeon.
You worshipped Xom.
You were a favourite toy of Xom.
You visited 2 branches of the dungeon, and saw 10 of its levels.
You also visited: Ossuary.

You collected 471 gold pieces.

Inventory:

Hand Weapons
 y - a +3 hand axe of venom
Missiles
 e - 16 boomerangs
 v - 4 javelins (quivered)
 J - 8 large rocks
Armour
 a - a +2 robe
 n - a +1 cloak (worn)
 z - +0 steam dragon scales (worn)
Jewellery
 h - an amulet of guardian spirit (around neck)
 p - a ring of fire
 A - a ring of resist corrosion (right claw)
 D - a ring of willpower (left claw)
Wands
 c - a wand of digging (4)
 i - a wand of mindburst (13)
 m - a wand of flame (54)
 q - a wand of paralysis (11)
 I - a wand of iceblast (13)
Scrolls
 d - a scroll of magic mapping
 k - 3 scrolls of blinking
 l - 5 scrolls of teleportation
 u - a scroll of identify
 x - a scroll of silence {unknown}
Potions
 b - a potion of cancellation
 f - 5 potions of curing
 g - 3 potions of brilliance
 j - 3 potions of might
 o - a potion of ambrosia
 r - 4 potions of flight
 t - 3 potions of resistance
 H - 3 potions of haste
Miscellaneous
 s - a phantom mirror (inert)


   Skills:
 + Level 7.4 Fighting
 - Level 4.3 Armour
 + Level 5.5 Dodging
 * Level 12.0 Unarmed Combat


You had 9 spell levels left.
You didn't know any spells.
Your spell library contained the following spells:

 Spells                   Type           Power      Damage    Failure   Level
 Foxfire                  Conj/Fire      0%         2x1d4     43%         1
 Sandblast                Erth           0%         2d4       43%         1
 Passwall                 Tmut/Erth      0%         N/A       56%         2
 Conjure Flame            Conj/Fire      0%         6-21      80%         3
 Inner Flame              Hex/Fire       0%         N/A       80%         3
 Hailstorm                Conj/Ice       0%         3d3       99%         4
 Ice Form                 Ice/Tmut       0%         N/A       99%         4
 Lee's Rapid Deconstruct  Erth           0%         3d5*      100%        5
 Dispersal                Tloc           0%         N/A       100%        6
 Simulacrum               Ice/Necr       0%         N/A       100%        6
 Disjunction              Tloc           0%         N/A       100%        8


Dungeon Overview and Level Annotations

Branches:
Dungeon (8/15)             Temple (1/1) D:5         Ossuary (visited)
   Lair: D:8-11

Altars:
Ashenzari
Cheibriados
Dithmenos
Fedhas
Hepliaklqana
Kikubaaqudgha
Makhleb
Nemelex Xobeh
Qazlal
Ru
Sif Muna
Uskayaw
Vehumet
Wu Jian
Xom
Yredelemnul
Zin
The Shining One

Shops:
D:5 *

Annotations:
D:4 3 runed translucent doors, timneilson's ghost, novice GrFi
D:11 Fannar


Innate Abilities, Weirdness & Mutations

You are too large for most types of armour.
You have claws for hands.
Your natural rate of healing is unusually fast.
You are covered in fur. (AC +1)
You have tough skin. (AC +1)
You are clumsy. (Dex -2)
Your body sometimes deteriorates upon taking damage.


Message History

Fannar freezes you. The ice beast barely misses you.
You barely miss Fannar.
Fannar is severely wounded.
The ice beast hits you. The ice beast freezes you. Fannar closely misses you.
The ice beast barely misses you.
You barely miss Fannar.
Fannar is severely wounded.
The ice beast misses you.
You scratch Fannar.
Fannar is severely wounded.
Fannar hits you but does no damage. The ice beast barely misses you.
The ice beast hits you. The ice beast freezes you!
* * * LOW HITPOINT WARNING * * *
Fannar barely misses you.
Found a plate armour.
You miss Fannar. You claw Fannar, but do no damage.
Fannar is severely wounded.
Fannar casts a spell.
Fannar drains the heat from the surrounding environment!
* * * LOW HITPOINT WARNING * * *
The ice beast hits you but does no damage.
You feel much better.
The ice beast hits you but does no damage.
Fannar casts a spell.
The ice beast misses you.
Okay, then.
You feel very mighty all of a sudden.
The ice beast hits you but does no damage.
Fannar mumbles some strange words.
Fannar drains the heat from the surrounding environment!
* * * LOW HITPOINT WARNING * * *
Your body deteriorates!
You feel dopey.
The ice beast hits you but does no damage.
You closely miss Fannar.
Fannar is severely wounded.
The ice beast hits you but does no damage.
Fannar gestures at you while chanting. The bolt of cold hits you!!
You die...
Xom laughs nastily!

#[.. #...##
#...[##
####.....
.##.......#
.........#
#.##....##
#.....Y@.#
#.....Ye.#
#......Y.#
#.......##
.....#.....#
###...........
.........|...#
###.....#..$....
....#....######


You could see Fannar and 3 ice beasts.

Vanquished Creatures
  A boulder beetle (D:8)
  A centaur warrior (D:8)
  A deep elf pyromancer (D:8)
  A cyclops (D:8)
  2 gargoyles (D:8)
  A troll (D:8)
  Prince Ribbit (D:5)
  Sigmund (D:3)
  A basilisk (D:5)
  Eustachio (D:5)
  A steam dragon (D:6)
  Menkaure (Ossuary)
  2 water moccasins
  Duvessa (D:7)
  2 orc warriors
  2 ice beasts
  A centaur (D:7)
  4 ogres
  A phantom (D:6)
  2 bullfrogs (D:8)
  A wyvern zombie (D:7)
  Dowan (D:7)
  3 scorpions
  A water moccasin skeleton (D:6)
  5 killer bees
  A crimson imp (D:6)
  3 centaur zombies (Ossuary)
  A bullfrog skeleton (D:6)
  A hound (D:5)
  5 orc priests
  2 jellies
  Crazy Yiuf (D:3)
  A centaur skeleton (D:5)
  Ijyb (D:3)
  3 iguanas
  Terence (D:3)
  7 orc wizards
  2 killer bee zombies
  2 ogre zombies (Ossuary)
  2 hound zombies (D:5)
  2 hound skeletons (D:4)
  6 mummies (Ossuary)
  2 howler monkey zombies (D:8)
  4 gnolls (D:4)
  An adder (D:4)
  4 adder zombies (Ossuary)
  A worm (D:4)
  3 dart slugs
  24 orcs
  10 ball pythons
  4 bats
  8 endoplasms
  A giant cockroach (D:4)
  A gnoll zombie (Ossuary)
  17 goblins
  5 hobgoblins
  3 quokkas
  3 frilled lizards
  6 goblin zombies (Ossuary)
  4 hobgoblin zombies (Ossuary)
  4 kobolds
  6 kobold zombies (Ossuary)
  3 quokka zombies
  3 rats
  2 rat zombies (Ossuary)
199 creatures vanquished.

Vanquished Creatures (others)
  An orc wizard (D:5)
  4 fungi
  43 plants
  A withered plant (D:2)
49 creatures vanquished.

Grand Total: 248 creatures vanquished

Notes
Turn   | Place    | Note
-------+----------+-------------------------------------------
     0 | D:1      | Spaninq the Troll Chaos Knight began the quest for the Orb.
     0 | D:1      | Reached XP level 1. HP: 22/22 MP: 0/0
    86 | D:1      | XOM: potion effect (invisibility)
    95 | D:1      | XOM: potion effect (haste)
   111 | D:1      | Reached XP level 2. HP: 29/29 MP: 1/1
   115 | D:1      | XOM: silly message
   182 | D:1      | XOM: silly message
   590 | D:2      | Found a faded altar of an unknown god.
   672 | D:2      | XOM: silly message
   758 | D:2      | Reached XP level 3. HP: 36/36 MP: 2/2
  1159 | D:2      | XOM: divination: detect creatures
  1389 | D:3      | XOM: stealth player
  1413 | D:3      | Reached skill level 4 in Unarmed Combat
  1430 | D:3      | Noticed Sigmund
  1539 | D:3      | XOM: silly message
  1581 | D:3      | XOM: cloud trail
  1589 | D:3      | Noticed Terence
  1604 | D:3      | Killed Terence
  1605 | D:3      | Reached skill level 1 in Armour
  1605 | D:3      | Reached XP level 4. HP: 41/44 MP: 1/3
  1660 | D:3      | Found a runed translucent door.
  1661 | D:3      | Noticed Crazy Yiuf
  1675 | D:3      | Killed Crazy Yiuf
  1762 | D:3      | Noticed Ijyb
  1796 | D:3      | Killed Ijyb
  1797 | D:3      | Reached XP level 5. HP: 53/53 MP: 2/4
  1825 | D:3      | XOM: noise
  2016 | D:3      | XOM: cloud trail
  2144 | D:3      | Killed Sigmund
  2145 | D:3      | Reached skill level 5 in Unarmed Combat
  2145 | D:3      | Reached XP level 6. HP: 41/61 MP: 2/5
  2359 | D:3      | XOM: cast spell 'Dispersal'
  2370 | D:3      | Reached skill level 6 in Unarmed Combat
  2411 | D:4      | Reached XP level 7. HP: 61/70 MP: 4/6
  2825 | D:4      | Found a runed translucent gate.
  2826 | D:4      | Found a runed translucent gate.
  2827 | D:4      | Found a runed translucent gate.
  2827 | D:4      | Noticed timneilson's ghost (novice GrFi)
  3048 | D:5      | Entered Level 5 of the Dungeon
  3097 | D:5      | XOM: summons friendly shadow imp
  3100 | D:5      | Reached skill level 7 in Unarmed Combat
  3105 | D:5      | XOM: chaos cloud
  3116 | D:5      | Reached XP level 8. HP: 73/79 MP: 7/7
  3193 | D:5      | XOM: polymorph black bear -> basilisk
  3243 | D:5      | Noticed Eustachio
  3250 | D:5      | Killed Eustachio
  3251 | D:5      | Reached skill level 5 in Fighting
  3251 | D:5      | Reached skill level 8 in Unarmed Combat
  3333 | D:5      | Found Wompi's Assorted Antiques.
  3346 | D:5      | XOM: silly message
  3475 | D:5      | Found a staircase to the Ecumenical Temple.
  3481 | Temple   | Entered the Ecumenical Temple
  3714 | Temple   | XOM: cloud trail
  3715 | Temple   | XOM: 1-stop teleportation journey
  3966 | D:5      | XOM is BORED!
  4031 | D:5      | Noticed Prince Ribbit
  4083 | D:5      | XOM: stat loss: -1 Int (7/8)
  4097 | D:5      | XOM: scenery: summon butterflies
  4143 | D:5      | Found an ancient bone altar of Kikubaaqudgha.
  4260 | D:5      | Killed Prince Ribbit
  4292 | D:6      | XOM: stealth player
  4310 | D:6      | Reached skill level 9 in Unarmed Combat
  4310 | D:6      | Reached XP level 9. HP: 74/88 MP: 5/8
  4388 | D:6      | Found a sand-covered staircase.
  4403 | D:6      | XOM: scenery: 2 doors open, 1 doors close
  4405 | Ossuary  | Entered an ossuary
  4741 | Ossuary  | Noticed Menkaure
  4756 | Ossuary  | Killed Menkaure
  4835 | D:6      | Found a radiant altar of Vehumet.
  4835 | D:6      | Found a burning altar of Makhleb.
  5162 | D:6      | XOM: swap monsters
  5172 | D:6      | XOM: cast spell 'Dispersal'
  5177 | D:6      | XOM: blink monster(s)
  5376 | D:6      | XOM: give mutations
  5376 | D:6      | Gained mutation: You are clumsy. (Dex -2) [Xom's mischief]
  5376 | D:6      | Gained mutation: Your body sometimes deteriorates upon
                  | taking damage. [Xom's mischief]
  5494 | D:7      | Noticed Dowan
  5495 | D:7      | Noticed Duvessa
  5507 | D:7      | Killed Duvessa
  5508 | D:7      | Reached skill level 10 in Unarmed Combat
  5514 | D:7      | Killed Dowan
  5686 | D:7      | XOM: noise
  5733 | D:6      | XOM: god gift: phantom mirror
  5883 | D:7      | Found a hide-covered altar of Uskayaw.
  5900 | D:7      | Found a shimmering blue altar of Sif Muna.
  5945 | D:7      | XOM: 1-stop teleportation journey
  6215 | D:7      | XOM: cast spell 'Summon Small Mammal'
  6223 | D:7      | XOM: noise
  6841 | D:8      | Found a snail-covered altar of Cheibriados.
  7015 | D:8      | Reached XP level 10. HP: 100/100 MP: 9/9
  7045 | D:8      | Noticed a deep elf pyromancer
  7045 | D:8      | Noticed a gargoyle
  7045 | D:8      | Noticed a centaur warrior
  7045 | D:8      | Noticed a boulder beetle
  7046 | D:8      | Noticed a cyclops
  7046 | D:8      | Noticed a gargoyle
  7048 | D:8      | XOM: scenery: 3 fountains blood, 1 doors open, 2 doors
                  | close
  7076 | D:8      | Killed a gargoyle
  7080 | D:8      | Killed a gargoyle
  7086 | D:8      | Killed a centaur warrior
  7087 | D:8      | Reached skill level 11 in Unarmed Combat
  7150 | D:8      | XOM: confuse monster(s)
  7170 | D:8      | Killed a cyclops
  7171 | D:8      | Reached skill level 5 in Dodging
  7300 | D:8      | XOM: noise
  7306 | D:8      | Killed a deep elf pyromancer
  7416 | D:8      | XOM: confuse monster(s)
  7420 | D:8      | XOM: noise
  7432 | D:8      | Killed a boulder beetle
  7433 | D:8      | Reached skill level 12 in Unarmed Combat
  7479 | D:8      | XOM: summons 2 hostile shadow creatures
  7570 | D:8      | You fall into a shaft and drop 3 floors!
  7570 | D:11     | Noticed Fannar
  7601 | D:11     | Killed from afar by Fannar

Illustrated notes

Levels and vault maps discovered:
D:1:      wheals_arrival_shading, layout_basic, hangedman_decor_push, hex_medium
D:2:      cheibrodos_greedy_goblins, layout_basic,
          shapermc_ecumenical_altar_flowoftime
D:3:      layout_basic, minmay_misc_feat_x, minmay_cupped, uniq_terence,
          uniq_sigmund, uniq_ijyb, uniq_crazy_yiuf_cottage
D:4:      layout_cave_pools, gammafunk_ghost_nasty_kobolds, serial_bayou,
          serial_bayou_pond_b, serial_bayou_ford_a, serial_bayou_lagoon_a,
          serial_bayou_shore_a, serial_bayou_pond_c, serial_bayou_crossing,
          item_on_display_a
D:5:      layout_cave_pools, lemuel_doored_altar,
          minmay_temple_entry_enclosed_plants, serial_shops, shop,
          uniq_prince_ribbit1, uniq_eustachio
D:6:      layout_basic, grunt_temple_overflow_lords_of_destruction,
          enter_ossuary_2, serial_bayou_pond_e
D:7:      layout_layer_cave, mainiacjoe_overflow_catwalk_spiral,
          kennysheep_generic_room_2, uniq_duvessa, uniq_menkaure
D:8:      minmay_chambers_of_sevens, layout_loops_ring,
          mainiacjoe_overflow_small_starburst
D:11:     layout_loops_ring, serial_shops, shop, uniq_sonja, uniq_snorg,
          uniq_fannar
Temple:   minmay_temple_forest_path

Skill      XL: |  1  2  3  4  5  6  7  8  9 10 |
---------------+-------------------------------+-----
Dodging        | 2 4 5 |  5.5
Unarmed Combat | 4 5 6 7 9 10 12 | 12.0
Armour         | 1 2 3 4 |  4.3
Fighting       | 3 4 5 6 7 |  7.4

Action                   |  1- 3 |  4- 6 |  7- 9 | 10-12 || total
-------------------------+-------+-------+-------+-------++-------
Melee: Unarmed           |   119 |    88 |   375 |    94 ||   676
       Punch             |     4 |     2 |    13 |     5 ||    24
Evoke: Phantom mirror    |       |       |       |     1 ||     1
  Use: Scroll            |       |       |    20 |       ||    20
       Potion            |       |       |     1 |     3 ||     4
 Stab: Petrified         |     9 |       |       |       ||     9
       Sleeping          |     1 |       |       |       ||     1
       Confused          |       |       |       |     4 ||     4
Armor: Robe              |    42 |    10 |    92 |       ||   144
       Steam dragon scal |       |       |    47 |    27 ||    74
Dodge: Dodged            |    45 |    35 |   154 |    36 ||   270

Table legend: (Time is in decaauts)
 A = Elapsed time spent in this place.
 B = Non-inter-level travel time spent in this place.
 C = Inter-level travel time spent in this place.
 D = Time resting spent in this place.
 E = Time spent auto-exploring this place.
 F = Levels seen in this place.
 G = Mean time per level.
                   A        B        C        D        E       F      G
               +--------+--------+--------+--------+--------+-----+--------+
         Total |   7547 |   7185 |    362 |    275 |   4928 |  11 |  686.1 |
       Dungeon |   6684 |   6363 |    321 |    275 |   4396 |   9 |  742.7 |
        Temple |    461 |    420 |     41 |      0 |    372 |   1 |  461.0 |
       Ossuary |    402 |    402 |      0 |      0 |    160 |   1 |  402.0 |
               +--------+--------+--------+--------+--------+-----+--------+

Top non-repeatable levels by time:
     D:7: 1265 daAuts
     D:3: 897 daAuts
     D:2: 845 daAuts
     D:5: 825 daAuts
     D:4: 790 daAuts
     D:6: 789 daAuts
     D:8: 727 daAuts
     D:1: 517 daAuts
  Temple: 461 daAuts
 Ossuary: 402 daAuts
    D:11: 25 daAuts
